 Dungeon Crawl Stone Soup version 0.27.1-33-g824d729ab1 (webtiles) character file.

Game seed: 624416033830217063

103 Exporg the Skirmisher (level 5, -2/42 HPs)
             Began as a Formicid Abyssal Knight on Dec 14, 2021.
             Was a Believer of Lugonu.
             Slain by a gnoll (8 damage)
             ... on level 2 of the Dungeon.
             The game lasted 00:07:37 (3618 turns).

Exporg the Skirmisher (Formicid Abyssal Knight)     Turns: 3618, Time: 00:07:42

Health: -2/42      AC:  5    Str: 16    XL:     5   Next: 6%
Magic:  6/6        EV:  8    Int: 18    God:    Lugonu [**....]
Gold:   46         SH:  7    Dex: 11    Spells: 4/4 levels left

rFire    . . .     SeeInvis +   a - +1 mace
rCold    . . .     Faith    .   f - +0 kite shield
rNeg     . . .     Spirit   .   h - +0 ring mail
rPois    .         Reflect  .   (helmet unavailable)
rElec    .         Harm     .   (no cloak)
rCorr    .         Rampage  .   (no gloves)
Will     .....                  (no boots)
Stlth    +.........             (no amulet)
HPRegen  0.14/turn              g - +6 ring of intelligence
MPRegen  0.10/turn              (no ring)

@: no status effects
A: permanent stasis, dig shafts and tunnels, antennae 3, four strong arms
a: Dig, Shaft Self, Renounce Religion, Depart the Abyss, Bend Space


You were on level 2 of the Dungeon.
You worshipped Lugonu.
Lugonu was pleased with you.
You visited 1 branch of the dungeon, and saw 3 of its levels.
You visited the Abyss 1 time.

You collected 46 gold pieces.

Inventory:

Hand Weapons
 a - a +1 mace (weapon)
Armour
 b - a +0 leather armour
 f - a +0 kite shield (worn)
 h - a +0 ring mail (worn)
Jewellery
 g - a +6 ring of intelligence (left hand)
Scrolls
 c - a scroll of silence {unknown}
 d - 4 scrolls of identify {unknown}
 e - a scroll of acquirement {unknown}


   Skills:
 + Level 4.3 Fighting
 + Level 2.6 Maces & Flails
 + Level 3.1 Armour
 + Level 1.9 Dodging
 + Level 0.6 Shields
 + Level 2.2 Invocations


You had 4 spell levels left.
You didn't know any spells.
Your spell library contained the following spells:

 Spells                   Type           Power      Damage    Failure   Level
 Call Canine Familiar     Summ           0%         N/A       100%        3
 Portal Projectile        Hex/Tloc       0%         N/A       100%        3
 Leda's Liquefaction      Hex/Erth       0%         N/A       100%        4


Dungeon Overview and Level Annotations

Branches:
Dungeon (3/15)

Altars:
Vehumet


Innate Abilities, Weirdness & Mutations

You cannot be hasted, slowed, berserked, paralysed or teleported.
You can dig through walls and to a lower floor.
You have a pair of large antennae on your head. (SInv)
Your four strong arms can wield two-handed weapons with a shield.


Message History

You start resting.
HP restored.
You see here a +0 club.
There is a stone staircase leading down here.
You climb downwards.
The gnoll hits you with a +0 whip. The gnoll barely misses you.
You block the gnoll's attack.
There is a stone staircase leading up, spattered with blood here.
Unknown command.
The gnoll hits you with a +0 flail.
The giant cockroach bites you but does no damage.
The gnoll closely misses you.
You climb upwards.
There is a stone staircase leading down here.
You hit the giant cockroach.
The giant cockroach is almost dead.
The giant cockroach bites you. The gnoll closely misses you.
You block the giant cockroach's attack.
You closely miss the giant cockroach.
The giant cockroach is almost dead.
The gnoll hits you with a +0 whip!
You block the giant cockroach's attack. x2
The gnoll barely misses you.
You hit the giant cockroach but do no damage.
The giant cockroach is almost dead.
The giant cockroach bites you but does no damage.
The gnoll closely misses you. The giant cockroach bites you.
You thump the giant cockroach!
You kill the giant cockroach!
Lugonu accepts your kill. The gnoll hits you with a +0 whip.
You thump the gnoll!
The gnoll is heavily wounded.
The gnoll closely misses you. x3
You hit the gnoll but do no damage.
The gnoll is heavily wounded.
You block the gnoll's attack. The gnoll hits you with a +0 flail!
* * * LOW HITPOINT WARNING * * *
The gnoll hits you with a +0 whip.
* * * LOW HITPOINT WARNING * * *
The gnoll hits you with a +0 flail!
You die...

...........# #......#
...........# #.####.#
...........####..###.#
...........'.......#.#
...†.......#####.#.#.#
...........# #.#.#.#
...........# #)#.#.#
######'#########g#.#.######
...............g@#.#......#
.[..##.###########.######.#
##### ##..##.# #....# #.#
#.... #..##.########.#..#
#.# #.###
#).##..........#..#
#.###.###
#..##########....####
#........ ##..# ##.#....##
#####.### ....# #.#.###.#
#.# ###.# #.#.# #.# #.#


You could see 2 gnolls.

Vanquished Creatures
  A gnoll (D:2)
  2 adders (D:2)
  2 worms
  A dart slug (D:3)
  An orc (D:3)
  3 ball pythons
  8 bats
  4 endoplasms
  2 giant cockroaches
  5 goblins
  4 hobgoblins
  13 jackals
  2 quokkas (D:2)
  A frilled lizard (D:2)
  4 kobolds
  5 rats
58 creatures vanquished.

Notes
Turn   | Place    | Note
-------+----------+-------------------------------------------
     0 | Abyss:1  | Exporg the Formicid Abyssal Knight began the quest for the
                  | Orb.
     0 | Abyss:1  | Reached XP level 1. HP: 18/18 MP: 2/2
    64 | Abyss:1  | Noticed a large abomination
    73 | D:1      | Escaped the Abyss
   285 | D:1      | Reached * piety under Lugonu
   292 | D:1      | Reached XP level 2. HP: 19/25 MP: 3/3
   576 | D:1      | Reached skill level 1 in Dodging
   709 | D:1      | Reached skill level 4 in Fighting
   718 | D:1      | Reached XP level 3. HP: 18/30 MP: 4/4
   887 | D:1      | Found a faded altar of an unknown god.
  2237 | D:2      | Reached XP level 4. HP: 28/37 MP: 5/5
  3004 | D:3      | Found a radiant altar of Vehumet.
  3144 | D:3      | Reached ** piety under Lugonu
  3579 | D:2      | Reached XP level 5. HP: 38/42 MP: 6/6
  3618 | D:2      | Slain by a gnoll

Illustrated notes

Levels and vault maps discovered:
D:1:      minmay_arrival_hallway, layout_basic,
          dilly_ecumenical_altar_fadedgnrine
D:2:      layout_basic
D:3:      layout_basic, fedhas_altar_2, overflow_temple_1_default

Skill      XL: |  1  2  3  4 |
---------------+-------------+-----
Dodging        | 1 |  1.9
Fighting       | 4 |  4.3
Armour         | 3 |  3.1
Maces & Flails | |  2.6
Shields        | |  0.6
Invocations    | |  2.2

Action                   |  1- 3 |  4- 6 || total
-------------------------+-------+-------++-------
Melee: Mace              |   145 |    77 ||   222
Invok: Depart the Abyss  |     1 |       ||     1
 Abil: Dig               |     3 |       ||     3
  Use: Potion            |     1 |       ||     1
Armor: Leather armour    |    68 |       ||    68
       Ring mail         |     1 |    40 ||    41
Dodge: Dodged            |   119 |    43 ||   162
Block: Kite shield       |    68 |    30 ||    98
